 Dungeon Crawl Stone Soup version 0.30.1-11-g7821555f0a (webtiles) character file.

Game seed: 15021138231458418135

462 monsoonserge the Cudgeller (level 6, -2/27 (38) HPs)
             Began as a Tengu Reaver on Jan 9, 2024.
             Was a Follower of Ru.
             Slain by a river rat (10 damage)
             ... in a sewer.
             The game lasted 00:11:26 (3440 turns).

monsoonserge the Cudgeller (Tengu Reaver)           Turns: 3440, Time: 00:11:27

HP:   -2/27 (38)    AC:  0    Str: 14    XL:     6   Next: 7%
MP:   10/10         EV: 15    Int: 13    God:    Ru [*.....]
Gold: 213           SH:  0    Dex: 13    Spells: 8/9 levels left

rFire   . . .        a - +0 mace
rCold   + . .        (no shield)
rNeg    . . .        (no body armour)
rPois   .            (helmet restricted)
rElec   .            (no cloak)
rCorr   .            (no gloves)
SInv    .            (boots unavailable)
Will    .....        (no amulet)
Stlth   ++           t - ring of protection from cold
HPRegen 0.24/turn    (no ring)
MPRegen 0.12/turn

%: no passive effects
@: lethally poisoned (-2 -> -4), flying quickly and evasively, very heavily
drained, quick
A: beak, talons 3, inexperienced 1, nimble flight
a: Renounce Religion


You were in a sewer.
You worshipped Ru.
Ru was aware of your devotion.
You visited 1 branch of the dungeon, and saw 5 of its levels.
You also visited: Sewer.

You collected 213 gold pieces.

Inventory:

Hand Weapons
 a - a +0 mace (weapon)
Missiles
 m - 2 throwing nets
 q - 2 atropa-tipped darts
 u - 12 poisoned darts (quivered)
Armour
 b - a +0 leather armour
 s - a +0 ring mail
Jewellery
 n - a ring of fire
 t - a ring of protection from cold (left hand)
Scrolls
 d - a scroll of fear {unknown}
 e - a scroll of vulnerability {unknown}
 f - a scroll of blinking {unknown}
 g - 6 scrolls of identify {unknown}
 h - 3 scrolls of teleportation {unknown}
 j - a scroll of fog {unknown}
 l - a scroll of enchant weapon {unknown}
 r - 2 scrolls of magic mapping {unknown}
Potions
 c - a potion of haste {unknown}
 i - a potion of attraction {unknown}
 k - 2 potions of heal wounds
 o - a potion of curing
 p - a potion of degeneration {unknown}
 v - a potion of might {unknown}
 w - 2 potions of magic {unknown}


   Skills:
 + Level 3.7 Fighting
 + Level 5.6 Maces & Flails
 + Level 2.6 Armour
 + Level 3.8 Dodging
 - Level 1.0 Stealth
 - Level 2.0 Spellcasting
 - Level 4.0 Conjurations
 - Level 2.0 Necromancy


You had 8 spell levels left.
You knew the following spells:

 Your Spells              Type           Power      Damage    Failure   Level
a - Kiss of Death         Conj/Necr      36%        2d8       8%          1

Your spell library contained the following spells:

 Spells                   Type           Power      Damage    Failure   Level
 Momentum Strike          Conj/Tloc      12%        3d8       17%         2
 Sublimation of Blood     Necr           6%         N/A       17%         2
 Hailstorm                Conj/Ice       6%         3d4       32%         3
 Petrify                  Tmut/Erth      1%         N/A       94%         4
 Irradiate                Conj/Tmut      3%         3d12      97%         5


Dungeon Overview and Level Annotations

Branches:
Dungeon (5/15)              Sewer (1/1)
 Temple: D:4-7

Altars:
Ru

Annotations:
D:3 Pargi


Innate Abilities, Weirdness & Mutations

You have a beak for a mouth.
You have claws for feet.
You are somewhat inexperienced. (-1 XL)
Your magical nature lets you fly swiftly and evasively.


Message History

The adder poisons you! The adder attacks as you move away!
The adder misses you.
You feel sick.
You barely miss the adder. Your kick misses the adder.
Your peck misses the adder.
The adder is severely wounded.
You feel sick. The adder closely misses you.
The adder is stunned by your conviction and fails to attack.
You closely miss the adder.
The adder is severely wounded.
You feel sick. The adder completely misses you. The adder bites you.
* * * LOW HITPOINT WARNING * * *
It was a potion of curing.
You feel better. The adder barely misses you.
You miss the adder. Your kick misses the adder.
The adder is severely wounded.
The adder closely misses you.
You completely miss the adder. Your kick misses the adder.
Your peck misses the adder.
The adder is severely wounded.
The adder barely misses you. The adder closely misses you.
You miss the adder. Your kick misses the adder.
You peck the adder, but do no damage.
The adder is severely wounded.
The adder misses you.
You barely miss the adder. Your kick misses the adder. You peck the adder.
The adder is almost dead.
The adder bites you.
You are poisoned.
The adder poisons you!
You miss the adder. You claw the adder. You peck the adder.
You kill the adder!
You feel sick.
You closely miss the river rat. You claw the river rat.
The river rat is moderately wounded.
You feel sick. The river rat closely misses you.
You closely miss the river rat.
The river rat is moderately wounded.
You feel sick. The river rat bites you.
* * * LOW HITPOINT WARNING * * *
The river rat bites you!
You die...

#.....~≈≈≈≈≈≈≈....##
#.... #≈≈≈≈≈≈≈~...#
#....##≈≈≈≈≈≈≈~...##
#....#≈≈≈≈≈≈≈≈~....#
##.....≈≈≈≈≈≈≈≈~....#
#....†r≈≈≈≈≈≈≈≈~...##
#....r≈≈≈≈≈≈≈≈≈~...#
###+###r#≈#≈####'###
##@#≈#≈#.....#
#≈#≈#≈##..)).#
##≈#≈#≈##...##
#≈#≈#≈##.....#
##≈#≈#≈#..#..#
#≈≈≈≈≈≈#######
≈≈≈≈≈≈≈≈≈≈≈≈≈≈≈
≈≈≈≈≈≈≈≈≈≈≈≈≈≈≈≈≈
###################


You could see a river rat and 2 rats.

Vanquished Creatures
  A phantom (D:5)
  A kobold brigand (Sewer)
  A scorpion (D:4)
  2 hounds (D:4)
  An orc wizard (D:4)
  2 gnolls (D:4)
  3 adders
  A river rat (Sewer)
  2 worms (D:3)
  3 dart slugs
  3 orcs
  10 ball pythons
  6 endoplasms
  12 giant cockroaches
  11 goblins
  7 hobgoblins
  7 jackals
  3 quokkas
  3 bats
  6 frilled lizards
  8 kobolds
  8 rats
101 creatures vanquished.

Notes
Turn   | Place    | Note
-------+----------+-------------------------------------------
     0 | D:1      | monsoonserge the Tengu Reaver began the quest for the Orb.
     0 | D:1      | Reached XP level 1. HP: 12/12 MP: 4/4
     0 | D:1      | Noticed a demonspawn
     1 | D:1      | Noticed a demigod
     3 | D:1      | Noticed a demigod
     5 | D:1      | Noticed a vine stalker
     8 | D:1      | Noticed a vine stalker
    10 | D:1      | Noticed a vampire
    10 | D:1      | Noticed a gargoyle
    12 | D:1      | Noticed a felid
    12 | D:1      | Noticed a naga
    14 | D:1      | Noticed a vampire
    14 | D:1      | Noticed a tengu
    14 | D:1      | Noticed a vampire
    16 | D:1      | Noticed a troll
    16 | D:1      | Noticed an octopode
    18 | D:1      | Noticed a vampire
    21 | D:1      | Noticed an elf
    74 | D:1      | Reached skill level 1 in Necromancy
   126 | D:1      | Reached XP level 2. HP: 17/17 MP: 6/6
   355 | D:1      | Reached skill level 4 in Maces & Flails
   458 | D:1      | Reached XP level 3. HP: 21/21 MP: 7/7
  1262 | D:2      | Found a sacrificial altar of Ru.
  1270 | D:2      | Became a worshipper of Ru the Awakened
  1282 | D:2      | Reached skill level 1 in Armour
  1394 | D:2      | Reached XP level 4. HP: 27/27 MP: 8/8
  2168 | D:3      | Noticed Pargi
  2357 | D:4      | HP: 1/27 [bat (1)]
  2467 | D:4      | Gained mutation: You are somewhat inexperienced. (-1 XL)
                  | [Ru sacrifice]
  2467 | D:4      | Reached XP level 3. HP: 22/22 MP: 7/7
  2467 | D:4      | Reached * piety under Ru
  2472 | D:3      | Reached XP level 4. HP: 23/27 MP: 8/8
  2743 | D:4      | Gained mutation: Your magical nature lets you fly swiftly
                  | and evasively. [Tengu growth]
  2743 | D:4      | Reached XP level 5. HP: 6/24 MP: 6/9
  3058 | D:5      | Entered Level 5 of the Dungeon
  3205 | D:5      | Reached skill level 5 in Maces & Flails
  3205 | D:5      | Reached skill level 1 in Stealth
  3273 | D:5      | Found a glowing drain.
  3277 | Sewer    | Entered a sewer
  3339 | Sewer    | Reached XP level 6. HP: 12/27 MP: 7/10
  3440 | Sewer    | Slain by a river rat

Illustrated notes

Levels and vault maps discovered:
D:1:      shiori_arrival_whats_in_store_for_you, layout_basic,
          chequers_decorated_corner
D:2:      layout_basic, basic_altar, minivault_27, minmay_tiny_reverse_x
D:3:      layout_basic, uniq_pargi
D:4:      layout_basic, uniq_eustachio
D:5:      layout_cave_pools, minmay_temple_entry_hall, gup_sewer_entry_bowl,
          serial_co_window_serial, co_window_paths_b, co_window_corner_a,
          co_window_of_opportunity_a, co_window_of_opportunity_a,
          co_window_corner_a, co_window_of_opportunity_c, co_window_broadway_b,
          co_window_corner_b, co_window_broadway_a, co_window_corner_b,
          co_window_4corner_b, glass_columns_b, glass_columns_a, st_stairs_1
Sewer:    sewer_minmay_treatment

Skill      XL: |  1  2  3  4  5 |
---------------+----------------+-----
Necromancy     | 1 2 |  2.0
Maces & Flails | 4 5 |  5.6
Armour         | 1 2 |  2.6
Dodging        | 3 |  3.8
Fighting       | 3 |  3.7
Stealth        | 1 |  1.0
Spellcasting   | |  2.0
Conjurations   | |  4.0

Action                     |  1- 3 |  4- 6 || total
---------------------------+-------+-------++-------
  Melee: Mace              |   108 |   148 ||   256
         Kick              |    20 |    34 ||    54
         Peck              |    14 |    28 ||    42
         Punch             |     2 |       ||     2
  Throw: Dart              |       |     1 ||     1
   Cast: Kiss of Death     |       |     5 ||     5
 Invoke: Sacrifice Experie |     1 |       ||     1
    Use: Potion            |       |     4 ||     4
   Stab: Sleeping          |     1 |     1 ||     2
 Armour: Leather armour    |    21 |       ||    21
  Dodge: Dodged            |    91 |   112 ||   203
